 Dungeon Crawl Stone Soup version 0.28.0-53-g5a82cb258f (webtiles) character file.

Game seed: 17346987675997649305

14 Descartes the Sneak (level 2, 0/14 HPs)
             Began as a Felid Delver on June 5, 2022.
             Slain by a human zombie (5 damage)
             ... in an ossuary.
             The game lasted 00:01:09 (336 turns).

Descartes the Sneak (Felid Delver)                   Turns: 336, Time: 00:01:10

Health: 0/14       AC:  1    Str:  8    XL:     2   Next: 31%
Magic:  3/3        EV: 18    Int: 11    God:
Gold:   0          SH:  0    Dex: 17    Spells: 1/1 levels left
                                        Lives:  0   Deaths: 0

rFire   . . .      SeeInvis +     - Unarmed
rCold   . . .      Faith    .   (shield unavailable)
rNeg    . . .      Spirit   .   (armour unavailable)
rPois   .          Reflect  .   (helmet unavailable)
rElec   .          Harm     .   (cloak unavailable)
rCorr   +          Rampage  .   (gloves unavailable)
Will    .....                   (boots unavailable)
Stlth   ++++......              (no amulet)
HPRegen 0.04/turn               g - ring of resist corrosion
MPRegen 0.08/turn               (no ring)

@: quick
A: very small, claws 1, fangs 3, see invisible, speed 1, shaggy fur 1, stealthy
paws, no weapons or thrown items, no armour, multi-lived
a: no special abilities


You were in an ossuary.
You visited 1 branch of the dungeon, and saw 2 of its levels.
You also visited: Ossuary.

Inventory:

Jewellery
 g - a ring of resist corrosion (left paw)
Wands
 e - a wand of digging (3)
Scrolls
 a - a scroll of fog
 b - a scroll of acquirement {unknown}
 c - a scroll of fear
 f - a scroll of amnesia {unknown}
 h - a scroll of immolation {unknown}
Potions
 d - a potion of haste


   Skills:
 + Level 3.2 Fighting
 + Level 3.1 Dodging
 + Level 6.8 Stealth
 + Level 2.2 Unarmed Combat


You had one spell level left.
You didn't know any spells.
Your spell library contained the following spells:

 Spells                   Type           Power      Damage    Failure   Level
 Gell's Gravitas          Tloc           0%         N/A       71%         3
 Lesser Beckoning         Tloc           0%         N/A       71%         3
 Teleport Other           Tloc           0%         N/A       71%         3


Dungeon Overview and Level Annotations

Branches:
Dungeon (5/15)            Ossuary (1/1)
 Temple: D:4-7

Altars:


Innate Abilities, Weirdness & Mutations

You have sharp claws.
You have razor-sharp teeth.
You have supernaturally acute eyesight. (SInv)
You cover ground quickly. (Speed+)
You are covered in fur. (AC +1)
Your paws help you pounce on unaware monsters.
You are incapable of wielding weapons or throwing items.
You cannot wear armour.
You gain extra lives every three experience levels.


Message History

You mangle the kobold zombie!!
You destroy the kobold zombie!
There is an open door here.
A gnoll zombie is nearby!
The gnoll zombie misses you.
There is an open door here.
You claw the gnoll zombie! Your bite misses the gnoll zombie.
The gnoll zombie is heavily damaged.
The gnoll zombie misses you.
You scratch the gnoll zombie.
The gnoll zombie is severely damaged.
The gnoll zombie hits you.
You scratch the gnoll zombie.
You destroy the gnoll zombie!
You start resting.
A human zombie is nearby!
A human zombie is nearby!
A human zombie is nearby!
A human zombie is nearby!
There is an open door here.
A human zombie is nearby!
You closely miss the human zombie. The human zombie closely misses you.
You scratch the human zombie.
The human zombie is lightly damaged.
You scratch the human zombie.
The human zombie is lightly damaged.
The human zombie barely misses you.
You scratch the human zombie.
The human zombie is lightly damaged.
The human zombie barely misses you.
You barely miss the human zombie.
The human zombie is lightly damaged.
The human zombie hits you!
Ouch! That really hurt!
You closely miss the human zombie.
The human zombie is lightly damaged.
You scratch the human zombie but do no damage.
The human zombie is lightly damaged.
The human zombie hits you.
You die...

##########
.........# ....
...# #..###..# #
#..#@#..# #.
#+#..#Z#..#
#.#..#.#..#.#..#
...............#
...............#
###......####..#
#...8...+ #..#
#..Z...####..#
#............#


You could see a human zombie.

Vanquished Creatures
  A mummy (Ossuary)
  A gnoll zombie (Ossuary)
  A kobold zombie (Ossuary)
3 creatures vanquished.

Notes
Turn   | Place    | Note
-------+----------+-------------------------------------------
     0 | D:5      | Descartes the Felid Delver began the quest for the Orb.
     0 | D:5      | Reached XP level 1. HP: 10/10 MP: 2/2
   112 | D:4      | Found a sand-covered staircase.
   119 | Ossuary  | Entered an ossuary
   119 | Ossuary  | Noticed a wraith
   119 | Ossuary  | Noticed a wraith
   119 | Ossuary  | Noticed a wraith
   165 | Ossuary  | Reached XP level 2. HP: 8/14 MP: 3/3
   336 | Ossuary  | Slain by a human zombie

Illustrated notes

Levels and vault maps discovered:
D:4:      wander_river, layout_loops_cross, nicolae_ossuary_entry_ruins
D:5:      layout_gridville
Ossuary:  ossuary_kennysheep_city_of_the_dead

Skill      XL: |  1 |
---------------+----+-----
Dodging        | 3 |  3.1
Fighting       | |  3.2
Stealth        | |  6.8
Unarmed Combat | |  2.2

Action                   || total
-------------------------++-------
Melee: Unarmed           ||    18
  Use: Scroll            ||     1
 Stab: Sleeping          ||     2
Dodge: Dodged            ||    18
